 Dungeon Crawl Stone Soup version 0.29-a0-559-g359e09b9d1 (webtiles) character file.

Game seed: 10399725389560783507

17 Hubjo the Insei (level 2, -1/21 HPs)
             Began as a Demonspawn Transmuter on June 10, 2022.
             Slain by a rat (3 damage)
             ... on level 1 of the Dungeon.
             The game lasted 00:01:24 (769 turns).

Hubjo the Insei (Demonspawn Transmuter)              Turns: 769, Time: 00:01:24

Health: -1/21      AC:  2    Str: 10    XL:     2   Next: 44%
Magic:  5/5        EV: 12    Int: 14    God:
Gold:   3          SH:  0    Dex: 13    Spells: 4/5 levels left

rFire   . . .      SeeInvis .     - Unarmed
rCold   . . .      Faith    .   (no shield)
rNeg    . . .      Spirit   .   a - +0 robe
rPois   .          Reflect  .   (helmet restricted)
rElec   .          Harm     .   (no cloak)
rCorr   .          Rampage  .   (no gloves)
Will    .....                   (no boots)
Stlth   +.........              (no amulet)
HPRegen 0.07/turn               (no ring)
MPRegen 0.09/turn               (no ring)

@: no status effects
A: horns 1
a: no special abilities


You were on level 1 of the Dungeon.
You visited 1 branch of the dungeon, and saw 1 of its levels.

You collected 3 gold pieces.

Inventory:

Armour
 a - a +0 robe (worn)
Scrolls
 c - a scroll of fear {unknown}
Potions
 b - a potion of lignification


   Skills:
 * Level 1.5 Fighting
 - Level 1.7 Dodging
 + Level 0.6 Stealth
 + Level 2.8 Unarmed Combat
 + Level 2.1 Spellcasting
 + Level 2.0 Transmutations


You had 4 spell levels left.
You knew the following spells:

 Your Spells              Type           Power      Damage    Failure   Level
a - Beastly Appendage     Tmut           14%        N/A       11%         1

Your spell library contained the following spells:

 Spells                   Type           Power      Damage    Failure   Level
 Wereblood                Tmut           7%         N/A       16%         2
 Spider Form              Tmut/Pois      4%         N/A       43%         3
 Ice Form                 Ice/Tmut       4%         N/A       83%         4


Dungeon Overview and Level Annotations

Branches:
Dungeon (1/15)

Altars:


Innate Abilities, Weirdness & Mutations

You have a pair of small horns on your head.


Message History

The rat bites you. The rat barely misses you. The rat bites you.
The rat closely misses you. The rat barely misses you.
The rat bites you but does no damage. The rat barely misses you.
The rat closely misses you. The rat barely misses you.
The rat bites you but does no damage. The rat barely misses you.
The rat closely misses you. The rat bites you but does no damage.
The rat completely misses you. The rat barely misses you. The rat bites you.
The rat bites you.
* * * LOW HITPOINT WARNING * * *
The rat closely misses you. The rat barely misses you.
The rat barely misses you. The rat closely misses you.
The rat barely misses you. The rat bites you but does no damage.
The rat misses you.
The rat twitches its whiskers.
The rat barely misses you. The rat bites you.
* * * LOW HITPOINT WARNING * * *
The rat bites you but does no damage. The rat bites you.
* * * LOW HITPOINT WARNING * * *
The rat misses you. The rat misses you. The rat bites you.
* * * LOW HITPOINT WARNING * * *
The rat barely misses you. The rat closely misses you. The rat bites you.
You die...

#.# #.# #.# #.# #.#
#.# ##.##
##...######.##.+
#.......@r......
...........########
....#.#.###.#
.##.#.### #.# . #.
#.# # #. #.# #.#
#.#


You could see a rat.

Vanquished Creatures
  A ball python (D:1)
  A bat (D:1)
  An endoplasm (D:1)
  2 goblins (D:1)
  2 hobgoblins (D:1)
  4 jackals (D:1)
  A quokka (D:1)
  A frilled lizard (D:1)
13 creatures vanquished.

Notes
Turn   | Place    | Note
-------+----------+-------------------------------------------
     0 | D:1      | Hubjo the Demonspawn Transmuter began the quest for the
                  | Orb.
     0 | D:1      | Reached XP level 1. HP: 15/15 MP: 3/3
   208 | D:1      | Discovered your monstrous ancestry.
   208 | D:1      | Mutation became permanent: You have a pair of small horns
                  | on your head. [demonic ancestry]
   208 | D:1      | Gained mutation: You have a pair of horns on your head.
                  | [demonic ancestry]
   208 | D:1      | Reached XP level 2. HP: 3/21 MP: 3/5
   769 | D:1      | Slain by a rat

Illustrated notes

Levels and vault maps discovered:
D:1:      minmay_arrival_semitransparent, layout_loops_ring,
          hellmonk_ecumenical_altar_heavens_door, grunt_decor_resistance

Skill      XL: |  1  2 |
---------------+-------+-----
Transmutations | 2 |  2.0
Fighting       | |  1.5
Dodging        | |  1.7
Stealth        | |  0.6
Unarmed Combat | |  2.8
Spellcasting   | |  2.1

Action                   || total
-------------------------++-------
Melee: Unarmed           ||    50
       Kick              ||     9
       Headbutt          ||     4
       Punch             ||     1
 Cast: Beastly Appendage ||     6
Armor: Robe              ||     9
Dodge: Dodged            ||    68

Table legend: (Time is in decaauts)
 A = Elapsed time spent in this place.
 B = Non-inter-level travel time spent in this place.
 C = Inter-level travel time spent in this place.
 D = Time resting spent in this place.
 E = Time spent auto-exploring this place.
 F = Levels seen in this place.
 G = Mean time per level.
                   A        B        C        D        E       F      G
               +--------+--------+--------+--------+--------+-----+--------+
         Total |    766 |    764 |      2 |      0 |    633 |   1 |  766.0 |
       Dungeon |    766 |    764 |      2 |      0 |    633 |   1 |  766.0 |
               +--------+--------+--------+--------+--------+-----+--------+

Top non-repeatable levels by time:
     D:1: 766 daAuts
